 Dungeon Crawl Stone Soup version 0.11.0-9-gb634444 (webtiles) character file.

4426 wwf the Summoner (level 10, -7/61 HPs)
             Began as a Mummy Wizard on Oct 22, 2012.
             Was a Believer of Sif Muna.
             Mangled by a yak (10 damage)
             ... on Level 9 of the Dungeon.
             The game lasted 02:40:27 (17598 turns).

wwf the Summoner (Mummy Wizard)                    Turns: 17598, Time: 02:40:27

HP  -7/61        AC  3     Str 10      XL: 10   Next:  4%
MP   0/21        EV 12     Int 20      God: Sif Muna [**....]
Gold 422         SH  0     Dex 10      Spells:  7 memorised,  3 levels left

Res.Fire  : . . .   See Invis. : .   A - +1 dagger (flame)
Res.Cold  : . . .   Warding    : .   r - +1 robe
Life Prot.: + + +   Conserve   : .   (no shield)
Res.Poison: +       Res.Corr.  : .   t - +0 wizard hat
Res.Elec. : .       Clarity    : .   (no cloak)
Sust.Abil.: . .     Spirit.Shd : .   (no gloves)
Res.Mut.  : .       Stasis     : .   (no boots)
Res.Rott. : +       Ctrl.Telep.: .   (no amulet)
Saprovore : . . .   Levitation : .   H - ring of invisibility Ctrl.Flight: .
                                     o - ring of fire

@: about to teleport, very slightly contaminated, somewhat resistant to hostile
enchantments, unstealthy
A: no food or potions, fire vulnerability, restore body, cold resistance 1, life
protection 3, poison resistance, torment resistance, unbreathing
a: Channel Energy, Forget Spell, Renounce Religion, Evoke Invisibility


You were on level 9 of the Dungeon.
You worshipped Sif Muna.
Sif Muna was most pleased with you.
You were not hungry.

You visited 2 branches of the dungeon, and saw 11 of its levels.

You collected 402 gold pieces.

Inventory:

Hand weapons
 a - a +1,+2 whip of electrocution
 b - the +6,+3 sabre of Bypiacw {slay orc, Dex+3}
   (You took it off a centaur on level 5 of the Dungeon)

   It is especially effective against all of orcish descent.
   It affects your dexterity (+3).
 j - a +0 orcish blowgun
 l - a +1,+0 short sword of freezing
 q - a +0,+0 spear
 y - a cursed +0,+0 orcish short sword
 z - a +0,+0 spear
 A - a +1,+1 dagger of flaming (weapon)
 B - a +0,+0 spear
Missiles
 e - 20 stones
 h - 20 darts
 i - 29 poisoned needles
 p - 3 steel darts (quivered)
 v - 11 silver darts
Armour
 c - a +0 cloak
 r - a +1 robe (worn)
 t - a +0 wizard hat (worn)
Magical devices
 g - a wand of cold (8)
 m - a wand of digging (8)
 s - a wand of slowing (7)
 D - a wand of random effects (8)
 E - a wand of enslavement (10)
 F - a wand of paralysis (13)
Scrolls
 f - a scroll of remove curse
 k - 2 scrolls of identify
 u - a scroll of immolation {unknown}
 w - a scroll of teleportation
 x - 4 scrolls of magic mapping
 G - a scroll of amnesia
Jewellery
 d - an uncursed ring of ice
 o - a ring of fire (left hand)
 H - a ring of invisibility (right hand)
Books
 n - a book of Necromancy

   Spells                             Type                      Level
   Pain                               Necromancy                   1
   *Animate Skeleton                  Necromancy                   1
   Lethal Infusion                    Charms/Necromancy            2
   *Vampiric Draining                 Necromancy                   3
   Regeneration                       Charms/Necromancy            3
   Animate Dead                       Necromancy                   4
   Control Undead                     Necromancy                   4


   Skills:
 - Level 1.5 Dodging
 - Level 1.5 Stealth
 - Level 4.0 Spellcasting
 + Level 2.8 Conjurations
 + Level 8.6 Summonings
 + Level 2.3 Necromancy
 - Level 2.3 Translocations
 + Level 3.1 Air Magic
 - Level 2.0 Poison Magic
 - Level 4.0 Invocations
 + Level 1.7 Evocations


You had 3 spell levels left.
You knew the following spells:

 Your Spells              Type           Power        Failure   Level  Hunger
a - Magic Dart            Conj           ####.        4%          1    N/A
c - Mephitic Cloud        Conj/Pois/Air  ###......    14%         3    N/A
e - Repel Missiles        Chrm/Air       ###.......   12%         2    N/A
i - Call Imp              Summ           ######....   1%          2    N/A
s - Animate Skeleton      Necr           N/A          6%          1    N/A
v - Vampiric Draining     Necr           ###.......   17%         3    N/A
B - Blink                 Tloc           N/A          10%         2    N/A

Dungeon Overview and Level Annotations

Branches:
Dungeon (10/27)            Temple (1/1) D:7
    Orc: D:6-11        Lair: D:8-13

Altars:
Ashenzari
Cheibriados
Elyvilon
Fedhas
Kikubaaqudgha
Makhleb
Nemelex Xobeh
Okawaru
Sif Muna
Trog
Vehumet
Xom
Yredelemnul
Zin
the Shining One


Innate Abilities, Weirdness & Mutations

You do not eat or drink.
Your flesh is vulnerable to fire.
Your flesh is cold resistant.
You are immune to negative energy.
Your system is resistant to poisons.
You are immune to unholy pain and torment.
You can survive without breathing.


Message History

Confirm with . or Enter, or press ? or * to list all spells.
Aiming: Mephitic Cloud
Press: ? - help, Shift-Dir - straight line, f - yak, p - giant frog
Aim: a yak (severely wounded)
You miscast Mephitic Cloud.
Your bandages stand on end.
Your white imp hits the yak.
Your white imp freezes the yak.
The yak gores you!
* * * LOW HITPOINT WARNING * * *
The giant frog hits you.
* * * LOW HITPOINT WARNING * * *
The yak barely misses your crimson imp.
Your crimson imp hits the yak.
Your crimson imp hits the yak.
The yak dies!
You can now freely open your mind to new spells.
Your crimson imp disappears in a puff of smoke!
Read which item? (? for menu, Esc to quit)
As you read the scroll of teleportation, it crumbles to dust.
You feel strangely unstable.
Your crimson imp barely misses the yak.
Your white imp barely misses the iguana.
The yak gores you!
You die...

.. ...### ........#
######
..........###..w.#
...........##§.F@#
....5.......§Y.Y.#
.............5...##
............Y.....#
......#........T..#
...Y.......l5§....#
...T........%5....#
.))>.........5....#
.................#


You could see 3 yaks, a troll (confused), a worm, a giant frog, an iguana,
friendly 3 crimson imps and a friendly white imp.

Vanquished Creatures
  Prince Ribbit (D:5)
  A polar bear (D:10)
  A hippogriff (D:8)
  2 ice beasts
  4 ogres
  A sky beast (D:5)
  4 wolves (D:10)
  A big kobold (D:7)
  2 centaurs (D:5)
  2 giant frogs
  A giant frog zombie (D:6)
  A killer bee (D:8)
  A yak simulacrum (D:10)
  A basilisk skeleton (D:5)
  A crimson imp (D:9)
  A water moccasin simulacrum (D:10)
  2 orc priests
  A shadow (D:6)
  2 hounds
  A hound skeleton (D:10)
  A spider zombie (D:8)
  2 scorpions
  5 orc wizards
  A worker ant zombie (D:6)
  2 worker ants
  A worm zombie (D:7)
  5 gnolls
  3 adders
  4 white imps
  A shadow imp (D:3)
  4 giant geckos
  2 oozes
  10 orcs
  A ball python (D:4)
  2 giant cockroaches
  10 goblins
  10 hobgoblins
  2 quokkas
  12 bats
  2 giant newts (D:2)
  A giant spore (D:7)
  A hobgoblin skeleton (D:4)
  A hobgoblin zombie (D:8)
  15 kobolds
  A kobold skeleton (D:10)
  A kobold zombie (D:7)
  11 rats
  A rat zombie (D:6)
  3 toadstools
146 creatures vanquished.

Vanquished Creatures (collateral kills)
  The ghost of ZombieSheep the Apostate, an experienced HOPr of Beogh (D:5)
  A yak (D:9)
  An orc warrior (D:6)
  2 hungry ghosts (D:7)
  A hippogriff (D:9)
  An ice beast (D:8)
  A giant goldfish zombie (D:4)
  A yellow wasp (D:8)
  A boring beetle (D:8)
  A crocodile (D:10)
  5 big kobolds (D:7)
  A giant frog (D:6)
  A soldier ant zombie (D:10)
  2 centaurs (D:5)
  A basilisk skeleton (D:10)
  A troll simulacrum (D:10)
  An eye of draining (D:10)
  5 killer bees (D:8)
  6 crimson imps
  A spider (D:8)
  4 hounds
  5 orc wizards
  A worker ant (D:8)
  A worker ant zombie (D:8)
  2 scorpions
  Jessica (D:3)
  4 gnolls
  4 adders
  A scorpion zombie (D:9)
  A white imp (D:10)
  3 worms
  A bat zombie (D:4)
  A giant eyeball (D:6)
  A giant gecko (D:8)
  4 oozes
  9 orcs
  A giant cockroach (D:5)
  8 hobgoblins
  2 jackals (D:3)
  9 kobolds
  5 quokkas
  5 bats
  2 goblins
  A quokka skeleton (D:5)
  6 rats
  A fungus (D:9)
  A toadstool (D:1)
119 creatures vanquished.

Vanquished Creatures (others)
  A hippogriff zombie (D:8)
  A giant frog (D:8)
  A giant frog zombie (D:6)
  2 centaur zombies (D:5)
  3 killer bee zombies (D:8)
  19 crimson imps
  4 iron imps
  A hound skeleton (D:5)
  2 hound zombies (D:8)
  An iguana (D:8)
  A worker ant zombie (D:8)
  A worm zombie (D:8)
  A goliath beetle zombie (D:8)
  A scorpion zombie (D:5)
  An adder zombie (D:4)
  12 shadow imps
  An adder skeleton (D:3)
  26 white imps
  2 orc skeletons
  A bat skeleton (D:5)
  A bat zombie (D:5)
  An orc (D:8)
  2 goblins
  2 hobgoblins
  A kobold (D:10)
  A ball python skeleton (D:4)
  A giant gecko zombie (D:4)
  A goblin zombie (D:5)
  4 hobgoblin zombies
  A human zombie (D:3)
  A jackal zombie (D:3)
  A kobold skeleton (D:10)
  4 kobold zombies
  3 orc zombies
  A quokka zombie (D:5)
  A rat (D:8)
  A rat skeleton (D:1)
  4 rat zombies
  6 toadstools
119 creatures vanquished.

Grand Total: 384 creatures vanquished

Notes
Turn   | Place    | Note
--------------------------------------------------------------
     0 | D:1      | wwf, the Mummy Wizard, began the quest for the Orb.
     0 | D:1      | Reached XP level 1. HP: 11/11 MP: 5/5
   210 | D:1      | Reached skill level 1 in Conjurations
   347 | D:1      | Reached XP level 2. HP: 17/17 MP: 2/7
   351 | D:1      | Learned a level 2 spell: Call Imp
   354 | D:1      | Learned a level 2 spell: Blink
   501 | D:1      | Reached skill level 1 in Summonings
   506 | D:1      | Found a glowing golden altar of the Shining One.
  1025 | D:1      | Reached skill level 1 in Translocations
  1187 | D:1      | Reached XP level 3. HP: 22/22 MP: 2/9
  1556 | D:1      | Learned a level 3 spell: Mephitic Cloud
  2559 | D:2      | Found a radiant altar of Vehumet.
  3667 | D:3      | Reached XP level 4. HP: 25/28 MP: 7/11
  3684 | D:3      | Noticed Jessica
  3854 | D:3      | Killed Jessica
  4027 | D:3      | Your ally Jessica died
  4870 | D:3      | Found a blossoming altar of Fedhas.
  4938 | D:3      | Reached skill level 1 in Poison Magic
  4938 | D:3      | Reached XP level 5. HP: 28/33 MP: 1/13
  4941 | D:3      | Reached skill level 1 in Air Magic
  7131 | D:4      | Found an ancient bone altar of Kikubaaqudgha.
  7140 | D:4      | Reached XP level 6. HP: 14/39 MP: 4/15
  7930 | D:5      | Entered Level 5 of the Dungeon
  8327 | D:5      | Noticed ZombieSheep's ghost (experienced HOPr)
  8809 | D:5      | Reached XP level 7. HP: 25/44 MP: 12/17
  8815 | D:5      | Learned a level 2 spell: Repel Missiles
  9026 | D:5      | Noticed Prince Ribbit
  9042 | D:5      | Killed Prince Ribbit
  9042 | D:5      | Reached skill level 4 in Summonings
  9276 | D:5      | HP: 1/44 [centaur/shimmering sabre (8)]
  9291 | D:5      | Reached skill level 5 in Summonings
  9299 | D:5      | Got a shimmering sabre
  9340 | D:5      | Identified the cursed +6,+3 sabre of Bypiacw (You took it off a centaur on level 5 of the Dungeon)
  9679 | D:5      | Killed ZombieSheep's ghost
  9679 | D:5      | Reached XP level 8. HP: 50/50 MP: 1/18
 10129 | D:5      | Reached skill level 6 in Summonings
 11062 | D:6      | Reached skill level 7 in Summonings
 11555 | D:6      | Found an iron altar of Okawaru.
 12474 | D:7      | Found a staircase to the Ecumenical Temple.
 12484 | Temple   | Entered the Ecumenical Temple
 12613 | Temple   | Became a worshipper of Sif Muna the Loreminder
 12630 | Temple   | Learned a level 1 spell: Magic Dart
 12883 | D:7      | Reached XP level 9. HP: 48/55 MP: 3/20
 14032 | D:7      | Reached skill level 8 in Summonings
 14252 | D:8      | Acquired Sif Muna's first power
 14345 | D:8      | Reached skill level 1 in Invocations
 14597 | D:8      | Learned a level 1 spell: Animate Skeleton
 15095 | D:8      | Reached skill level 1 in Necromancy
 15540 | D:8      | Learned a level 3 spell: Vampiric Draining
 15650 | D:9      | Found a snail-covered altar of Cheibriados.
 15958 | D:10     | Entered Level 10 of the Dungeon
 16968 | D:10     | Reached skill level 1 in Evocations
 17558 | D:9      | Reached XP level 10. HP: 51/61 MP: 5/21
 17597 | D:9      | HP: 3/61 [giant frog (2)]
 17597 | D:9      | Acquired Sif Muna's second power
 17598 | D:9      | Mangled by a yak
